 Dungeon Crawl Stone Soup version 0.22-a0-609-gfedc9ff (webtiles) character file.

242 Amnesiac the Sneak (level 5, 0/35 HPs)
             Began as a Vampire Earth Elementalist on July 10, 2018.
             Succumbed to a scorpion's poison
             ... on level 4 of the Dungeon.
             The game lasted 00:04:31 (1039 turns).

Amnesiac the Sneak (Vampire Earth Elementalist)     Turns: 1039, Time: 00:04:33

Health: 0/35       AC:  0    Str:  7    XL:     5   Next: 81%
Magic:  3/9        EV: 20    Int: 18    God:
Gold:   85         SH:  0    Dex: 20    Spells: 3/10 levels left

rFire    . . .     SeeInvis +   (weapon currently unavailable)
rCold    . . .     Gourm    .   (shield currently unavailable)
rNeg     + . .     Faith    .   (armour currently unavailable)
rPois    .         Spirit   .   (helmet currently unavailable)
rElec    .         Reflect  .   (cloak currently unavailable)
rCorr    .         Harm     .   (gloves currently unavailable)
MR       .....                  (boots currently unavailable)
Stlth    +++++.....             (no amulet)
HPRegen  0.11/turn              (ring currently unavailable)
MPRegen  0.11/turn              (ring currently unavailable)

@: lethally poisoned (0 -> -5), bat-form, flying, very slightly contaminated,
very quick
A: tiny, fangs 3, see invisible
a: End Transformation


You were on level 4 of the Dungeon.
You were not thirsty.
You were in vampire-bat-form.
You visited 1 branch of the dungeon, and saw 5 of its levels.

You collected 85 gold pieces.

Inventory:

Hand Weapons
 g - a +3 short sword (melded)
Missiles
 b - 116 stones (quivered)
Armour
 c - a +0 robe (melded)
 n - a cursed +0 ring mail
Jewellery
 e - a +6 ring of slaying (melded)
Scrolls
 i - a scroll of amnesia {!r, unknown}
 k - a scroll of blinking {!r, unknown}
 m - a scroll of enchant armour {!r, unknown}
 o - 3 scrolls of identify {!r, unknown}
Potions
 a - a potion of agility {!q, unknown}
 d - 17 potions of blood {!q}
 f - a potion of lignification {!q, unknown}
 h - a potion of heal wounds {!q, unknown}
 j - a potion of brilliance {!q, unknown}
 l - a potion of cancellation {!q, unknown}


   Skills:
 + Level 1.9 Short Blades
 - Level 2.1 Dodging
 + Level 5.2 Stealth
 + Level 3.1 Spellcasting
 - Level 1.1 Transmutations
 * Level 4.9 Earth Magic


You had 3 spell levels left.
You knew the following spells:

 Your Spells              Type           Power        Failure   Level  Hunger
a - Sandblast             Erth           ###...       2%          1    None
b - Passwall              Tmut/Erth      ##......     7%          2    ##.....
e - Petrify               Tmut/Erth      ##......     43%         4    ####...

Your spell library contained the following spells:

 Spells                   Type           Power        Failure   Level  Hunger
 Stone Arrow              Conj/Erth      ##....       19%         3    ###....
 Lee's Rapid Deconstruct  Erth           ###.......   52%         5    ######.


Dungeon Overview and Level Annotations

Branches:
Dungeon (5/15)
 Temple: D:4-7

Altars:
Trog


Innate Abilities, Weirdness & Mutations

You have razor-sharp teeth.
You have supernaturally acute eyesight. (SInv)
((You can survive without breathing.))


Message History

Unknown command.
Things that are here:
a giant club; an ogre corpse You bottle the corpse's blood.
d - 20 potions of blood {!q} (gained 2)
You see here a giant club.
Magic restored.
A scorpion comes into view.
Casting: Sandblast (safe; 2% risk of failure)
Confirm with . or Enter, or press ? or * to list all spells.
Aiming: Sandblast (safe; 2% risk of failure)
Press: ? - help, Shift-Dir - straight line, f - scorpion
Aim: a scorpion The blast of sand hits the scorpion.
b - 118 stones
Casting: Sandblast (safe; 2% risk of failure)
Confirm with . or Enter, or press ? or * to list all spells.
Aiming: Sandblast (safe; 2% risk of failure)
Press: ? - help, Shift-Dir - straight line, f/p - scorpion
Aim: a scorpion The blast of sand hits the scorpion.
b - 117 stones The scorpion stings you.
You are poisoned.
The scorpion poisons you!
Casting: Sandblast (safe; 2% risk of failure)
Confirm with . or Enter, or press ? or * to list all spells.
Aiming: Sandblast (safe; 2% risk of failure)
Press: ? - help, Shift-Dir - straight line, f/p - scorpion
Aim: a scorpion The blast of sand hits the scorpion.
The scorpion is moderately wounded.
b - 116 stones You feel sick.
The scorpion stings you!
* * * LOW HITPOINT WARNING * * *
Casting: Sandblast (safe; 2% risk of failure)
Confirm with . or Enter, or press ? or * to list all spells.
Aiming: Sandblast (safe; 2% risk of failure)
Press: ? - help, Shift-Dir - straight line, f/p - scorpion
Aim: a scorpion (moderately wounded)
You miscast Sandblast.
You are very lightly contaminated with residual magic.
Nothing appears to happen.
* * * LOW HITPOINT WARNING * * *
You feel sick. The scorpion stings you.
* * * LOW HITPOINT WARNING * * *
Really quaff
d - 20 potions of blood {!q}?
Yummy - fresh blood!
The scorpion barely misses you.
You turn into a vampire bat.
* * * LOW HITPOINT WARNING * * *
You feel sick. The scorpion misses you.
* * * LOW HITPOINT WARNING * * *
You feel sick.
* * * LOW HITPOINT WARNING * * *
You feel sick.
* * * LOW HITPOINT WARNING * * *
You feel sick.
* * * LOW HITPOINT WARNING * * *
You feel sick.
Really quaff
d - 19 potions of blood {!q}?
Yummy - fresh blood!
Really quaff
d - 18 potions of blood {!q}?
Yummy - fresh blood!
You die...

####...... ... #.###.#
...... ... ..# #.#...# #
#.###.## #.# #.#.### #
#.##...# #.# #....## #
#.##...###.#
#..#..########
####........#.#
##s###........#
#........<..#.##
#......######.#
#.###..........###.....##
#.# #.#
###...##....b......# #.#
#.# #...........(#.....#
#.##
..###.#.#.######.#.....#
#... ......##.##
##.###..## ####
..##<###.######...##..# #
.###.###........#.....# #
.#..#......####...##.## #
.#.#.#####.# ##.###)# #
...#.# #.# ###.###.# #


There were no monsters in sight!

Vanquished Creatures
  An ogre (D:4)
  An orc priest (D:3)
  A hound (D:4)
  6 adders
  An ooze (D:2)
  A dart slug (D:3)
  2 leopard geckos
  3 orcs
  4 giant cockroaches
  4 goblins
  4 hobgoblins
  4 jackals (D:4)
  2 kobolds
  4 bats
  2 frilled lizards
  3 rats (D:2)
43 creatures vanquished.

Notes
Turn   | Place    | Note
-------+----------+-------------------------------------------
     0 | D:1      | Amnesiac the Vampire Earth Elementalist began the quest for the Orb.
     0 | D:1      | Reached XP level 1. HP: 13/13 MP: 3/3
   163 | D:2      | Reached XP level 2. HP: 9/19 MP: 3/5
   167 | D:2      | Learned a level 2 spell: Passwall
   313 | D:2      | Reached XP level 3. HP: 23/24 MP: 2/6
   464 | D:3      | Reached skill level 4 in Stealth
   586 | D:3      | Reached skill level 1 in Short Blades
   586 | D:3      | Reached XP level 4. HP: 10/30 MP: 0/7
   606 | D:3      | Learned a level 4 spell: Petrify
   671 | D:4      | Found a bloodstained altar of Trog.
   677 | D:5      | Entered Level 5 of the Dungeon
   720 | D:4      | Reached XP level 5. HP: 22/35 MP: 6/9
   942 | D:4      | Noticed an ogre
  1006 | D:4      | Killed an ogre
  1006 | D:4      | Reached skill level 5 in Stealth
  1037 | D:4      | HP: 1/35 [poisoned by a scorpion]
  1039 | D:4      | Succumbed to a scorpion's poison

Vault maps used:
D:1:      dpeg_arrival_rooms_b
D:2:      old_standard_altar, ashenzari_altar_1, minmay_cupped
D:3:      grunt_gozag_breadcrumbs, uniq_robin
D:4:      lemuel_crystal_altar, first_ration, uniq_ijyb
D:5:      old_forge, marbit_many_paths, serial_shops, kennysheep_mini,
          minmay_hollow_rounded_squares

Skill      XL: |  1  2  3  4  5 |
---------------+----------------+-----
Stealth        | 4 5 |  5.2
Earth Magic    | 4 |  4.9
Short Blades   | 1 |  1.9
Spellcasting   | 3 |  3.1
Dodging        | |  2.1
Transmutations | |  1.1

Action                   |  1- 3 |  4- 6 || total
-------------------------+-------+-------++-------
Melee: Unarmed           |     8 |       ||     8
       Short sword       |    23 |    17 ||    40
       Bite              |       |     1 ||     1
 Cast: Sandblast         |    25 |     7 ||    32
       Passwall          |     2 |     2 ||     4
 Abil: Bat Form          |       |     1 ||     1
  Use: Potion            |       |     3 ||     3
 Stab: Sleeping          |     6 |     3 ||     9
Armor: Robe              |    12 |     2 ||    14
Dodge: Dodged            |    35 |     8 ||    43

Table legend:
 A = Spawn XP
 B = Non-spawn XP
 C = Spawn XP percentage of total XP
 D = Spawn monster count
 E = Non-spawn monster count
 F = Spawn count percentage of total count
 G = Total turns spent on level
                    A         B        C        D         E        F      G
               +---------+---------+-------+---------+---------+-------+---------
         Total |       0 |     346 |   0.0 |       0 |      43 |   0.0 |  1039
               +---------+---------+-------+---------+---------+-------+---------
           D:1 |       0 |       8 |   0.0 |       0 |       4 |   0.0 |   137
           D:2 |       0 |      38 |   0.0 |       0 |      13 |   0.0 |   270
           D:3 |       0 |     101 |   0.0 |       0 |      13 |   0.0 |   159
           D:4 |       0 |     186 |   0.0 |       0 |      12 |   0.0 |   450
           D:5 |       0 |      13 |   0.0 |       0 |       1 |   0.0 |    23
               +---------+---------+-------+---------+---------+-------+---------
